 Dungeon Crawl Stone Soup version 0.26-a0-812-g31a745ddcd (webtiles) character file.

Game seed: 893035630270376419

182 graki42 the Conjurer (level 5, -10/28 HPs)
             Began as a Deep Elf Conjurer on Nov 20, 2020.
             Mangled by p0werm0de's ghost (11 damage)
             ... on level 3 of the Dungeon.
             The game lasted 00:07:18 (2987 turns).

graki42 the Conjurer (Deep Elf Conjurer)            Turns: 2987, Time: 00:07:18

Health: -10/28     AC:  5    Str:  5    XL:     5   Next: 34%
Magic:  5/14       EV: 13    Int: 23    God:
Gold:   218        SH:  0    Dex: 13    Spells: 10/13 levels left

rFire    + . .     SeeInvis .   i - +4 dagger (venom)
rCold    . . .     Faith    .   (no shield)
rNeg     . . .     Spirit   .   a - +0 robe
rPois    .         Reflect  .   j - +0 helmet
rElec    .         Harm     .   q - +0 cloak
rCorr    .         Rampage  .   (no gloves)
MR       +....                  e - +0 pair of boots
Stlth    ++........             (no amulet)
HPRegen  0.09/turn              l - ring of protection from magic
MPRegen  0.14/turn              r - ring of protection from fire

@: mighty, attractive
A: no striking features
a: no special abilities


You were on level 3 of the Dungeon.
You visited 1 branch of the dungeon, and saw 3 of its levels.

You collected 218 gold pieces.

Inventory:

Hand Weapons
 i - a +4 dagger of venom (weapon)
Armour
 a - a +0 robe (worn)
 e - a +0 pair of boots (worn)
 j - a +0 helmet (worn)
 q - a +0 cloak (worn)
Jewellery
 l - a ring of protection from magic (left hand)
 r - a ring of protection from fire (right hand)
Scrolls
 b - 2 scrolls of teleportation {unknown}
 c - a scroll of fear {unknown}
 f - a scroll of enchant armour {unknown}
 m - a scroll of random uselessness {unknown}
 p - 2 scrolls of identify {unknown}
Potions
 d - a potion of invisibility {unknown}
 g - 3 potions of curing {unknown}
 n - a potion of mutation {unknown}
 o - a potion of degeneration {unknown}


   Skills:
 - Level 3.0 Dodging
 - Level 3.0 Stealth
 + Level 4.9 Spellcasting
 + Level 6.1 Conjurations


You had 10 spell levels left.
You knew the following spells:

 Your Spells              Type           Power        Failure   Level
a - Magic Dart            Conj           ####         1%          1
b - Searing Ray           Conj           ####..       1%          2

Your spell library contained the following spells:

 Spells                   Type           Power        Failure   Level
 Dazzling Flash           Conj/Hex       ###...       9%          3
 Fulminant Prism          Conj/Hex       ###.......   26%         4
 Iskenderun's Mystic Bla  Conj/Tloc      ###.....     26%         4


Dungeon Overview and Level Annotations

Branches:
Dungeon (3/15)

Altars:

Annotations:
D:3 p0werm0de's ghost, amateur GrFi


Message History

P0werm0de's ghost is lightly damaged.
P0werm0de's ghost barely misses you.
The searing ray hits p0werm0de's ghost but does no damage.
P0werm0de's ghost is lightly damaged.
P0werm0de's ghost whispers, "The ORB doesn't exist."
P0werm0de's ghost hits you!
* * * LOW HITPOINT WARNING * * *
P0werm0de's ghost takes a fighting stance.
Okay, then.
It was a potion of attraction.
You feel attractive to monsters. P0werm0de's ghost barely misses you.
It was a potion of might.
You feel very mighty all of a sudden. P0werm0de's ghost hits you.
* * * LOW HITPOINT WARNING * * *
You closely miss p0werm0de's ghost.
P0werm0de's ghost is lightly damaged.
P0werm0de's ghost hits you!
You die...

#### ######.##
##. #..##
#.....## ##
##.#######
#.###..## ##.
#..'≈≈≈≈)≈ #.#
#.#.###.#
#.†####### #.#
#.##.#.## #...##
#.# #........
#.### #.#
#########
#.############.#
#.......W@..>..#
########.#######
#.#######
#.......# ####
#######.# #(..
#.# ###.## ##.##
#...<. #..≈#
#.#.## #.≈≈#
#.#.##


You could see p0werm0de's ghost.

Vanquished Creatures
  An orc wizard (D:3)
  Terence (D:2)
  Robin (D:2)
  4 adders
  An ooze (D:1)
  A worm (D:2)
  3 dart slugs
  3 leopard geckos
  3 orcs (D:3)
  13 goblins
  9 hobgoblins
  2 quokkas
  A ball python (D:3)
  5 bats
  4 frilled lizards
  7 kobolds
  5 rats
64 creatures vanquished.

Notes
Turn   | Place    | Note
-------+----------+-------------------------------------------
     0 | D:1      | graki42 the Deep Elf Conjurer began the quest for the Orb.
     0 | D:1      | Reached XP level 1. HP: 10/10 MP: 6/6
   413 | D:1      | Reached XP level 2. HP: 15/15 MP: 4/8
   418 | D:1      | Learned a level 2 spell: Searing Ray
   453 | D:1      | Reached skill level 5 in Conjurations
   942 | D:2      | Noticed Terence
   946 | D:2      | Killed Terence
   946 | D:2      | Reached XP level 3. HP: 15/19 MP: 3/9
  1173 | D:2      | Noticed Robin
  1190 | D:2      | Killed Robin
  1190 | D:2      | Reached XP level 4. HP: 24/24 MP: 5/11
  2644 | D:3      | Reached skill level 6 in Conjurations
  2644 | D:3      | Reached XP level 5. HP: 27/28 MP: 9/14
  2958 | D:3      | Found a runed translucent door.
  2959 | D:3      | Noticed p0werm0de's ghost (amateur GrFi)
  2986 | D:3      | HP: 1/28 [p0werm0de's ghost (4)]
  2987 | D:3      | Mangled by p0werm0de's ghost

Illustrated notes

Levels and vault maps discovered:
D:1:      mrwooster_arrival_arrow, layout_loops_cross
D:2:      layout_basic, uniq_robin, uniq_terence
D:3:      layout_loops_ring, ebering_ghost_sewer_d,
          chequers_serial_rivers_small_b, lemuel_flame_loot_1

Skill      XL: |  1  2  3  4 |
---------------+-------------+-----
Conjurations   | 5 6 |  6.1
Dodging        | 3 |  3.0
Stealth        | 3 |  3.0
Spellcasting   | 4 |  4.9

Action                   |  1- 3 |  4- 6 || total
-------------------------+-------+-------++-------
Melee: Dagger            |       |     8 ||     8
 Cast: Magic Dart        |    36 |    38 ||    74
       Searing Ray       |     4 |    10 ||    14
  Use: Potion            |       |     2 ||     2
Armor: Robe              |     1 |     8 ||     9
Dodge: Dodged            |       |    15 ||    15

Table legend: (Time is in decaauts)
 A = Elapsed time spent in this place.
 B = Non-inter-level travel time spent in this place.
 C = Inter-level travel time spent in this place.
 D = Time resting spent in this place.
 E = Time spent auto-exploring this place.
 F = Levels seen in this place.
 G = Mean time per level.
                   A        B        C        D        E       F      G
               +--------+--------+--------+--------+--------+-----+--------+
         Total |   2988 |   2913 |     75 |    103 |   2490 |   3 |  996.0 |
       Dungeon |   2988 |   2913 |     75 |    103 |   2490 |   3 |  996.0 |
               +--------+--------+--------+--------+--------+-----+--------+

Top non-repeatable levels by time:
     D:2: 1123 daAuts
     D:1: 1060 daAuts
     D:3: 804 daAuts
